 Dungeon Crawl Stone Soup version 0.31.0-4-g52a2dc7128 (webtiles) character file.

Game seed: 5883218719707539518

73 BeingJoeMalik the Slasher (level 4, 0/23 HPs)
             Began as a Vine Stalker Gladiator on Jan 21, 2024.
             Was a Believer of Nemelex Xobeh.
             Slain by a gnoll
             ... wielding a +0 halberd
              (8 damage)
             ... on level 3 of the Dungeon.
             The game lasted 00:06:10 (2023 turns).

BeingJoeMalik the Slasher (Vine Stalker Gladiator)  Turns: 2023, Time: 00:06:10

Health: 0/23       AC:  7    Str: 18    XL:     4   Next: 27%
Magic:  0/5        EV: 12    Int:  8    God:    Nemelex Xobeh [**....]
Gold:   102        SH:  0    Dex: 16    Spells: 3/3 levels left

rFire   + . .        a - +1 long sword
rCold   . . .        (no shield)
rNeg    . . .        t - +2 leather armour {Will+}
rPois   .            c - +0 helmet
rElec   .            (no cloak)
rCorr   .            (no gloves)
SInv    .            h - +0 pair of boots
Will    +....        (no amulet)
Stlth   +            f - ring of protection from fire
HPRegen 1.03/turn    (no ring)
MPRegen 0.09/turn

%: guardian spirit
@: no status effects
A: fangs 2, regeneration 1, magic shield, antimagic bite, no potion heal 2
a: Renounce Religion, Draw Escape, Draw Destruction, Draw Summoning


You were on level 3 of the Dungeon.
You worshipped Nemelex Xobeh.
Nemelex Xobeh was pleased with you.
You visited 1 branch of the dungeon, and saw 3 of its levels.

You collected 102 gold pieces.

Inventory:

Hand Weapons
 a - a +1 long sword (weapon)
Missiles
 d - 3 throwing nets (quivered)
 e - a javelin
Armour
 b - a +0 leather armour
 c - a +0 helmet (worn)
 h - a +0 pair of boots (worn)
 t - a +2 leather armour of willpower (worn)
Jewellery
 f - a ring of protection from fire (left hand)
Scrolls
 i - a scroll of silence
 k - a scroll of teleportation {unknown}
 n - 3 scrolls of vulnerability {unknown}
 o - a scroll of blinking {unknown}
 r - a scroll of identify {unknown}
Potions
 g - 2 potions of curing {unknown}
 j - a potion of might {unknown}
 l - a potion of heal wounds {unknown}
 m - a potion of invisibility {unknown}
 p - a potion of haste
 q - a potion of mutation {unknown}
 s - a potion of degeneration {unknown}


   Skills:
 - Level 1.7 Fighting
 + Level 4.5 Long Blades
 - Level 1.7 Throwing
 - Level 2.4 Dodging


You had 3 spell levels left.
You didn't know any spells.
Your spell library contained the following spells:

 Spells                   Type           Power      Damage    Failure   Level
 Ensorcelled Hibernation  Hex/Ice        0%         N/A       61%         2
 Mercury Vapours          Alch/Air       0%         N/A       61%         2
 Call Canine Familiar     Summ           0%         N/A       83%         3
 Mephitic Cloud           Conj/Alch/Air  0%         N/A       83%         3
 Passwall                 Erth           0%         N/A       83%         3
 Sigil of Binding         Hex            0%         N/A       83%         3
 Swiftness                Air            0%         N/A       83%         3
 Dimensional Bullseye     Hex/Tloc       0%         N/A       99%         4
 Freezing Cloud           Conj/Ice/Air   0%         6-21      100%        5
 Summon Forest            Summ/Tloc      0%         N/A       100%        5
 Summon Mana Viper        Hex/Summ       0%         N/A       100%        5
 Summon Cactus Giant      Summ           0%         N/A       100%        6


Dungeon Overview and Level Annotations

Branches:
Dungeon (3/15)

Altars:
Dithmenos
Nemelex Xobeh
Wu Jian

Shops:
D:2 [


Innate Abilities, Weirdness & Mutations

You have extremely sharp teeth.
Your natural rate of healing is unusually fast.
When hurt, damage is shared between your health and your magic reserves.
Your bite disrupts and absorbs the magic of your enemies.
Potions cannot restore your health.


Message History

Found 11 gold pieces.
The frilled lizard hisses angrily.
The frilled lizard misses you.
You miss the frilled lizard. Your bite misses the frilled lizard.
The frilled lizard bites you.
You slash the frilled lizard!
You kill the frilled lizard!
You now have 79 gold pieces (gained 10).
Found a stone staircase leading up.
You now have 90 gold pieces (gained 11).
You now have 102 gold pieces (gained 12).
There is a stone staircase leading down here.
There is a stone staircase leading down here.
You open the door. 2 gnolls come into view.
You draw a card...
You have drawn Pain.
Press: ? - help, Shift-Dir - straight line, f - gnoll
Aim: a gnoll, wielding a +0 spear (asleep)
The gnoll shouts!
The gnoll convulses!
The gnoll shouts!
You hear a shout!
A gnoll comes into view. It is wielding a +0 club.
The gnoll attacks as it pursues you!
The gnoll hits you from afar with a +0 spear.
You start resting.
A gnoll is nearby!
The gnoll hits you but does no damage.
You hit the gnoll.
The gnoll is severely wounded.
The gnoll hits you with a +0 spear. The gnoll hits you with a +0 club.
The gnoll hits you from afar with a +0 halberd!
* * * LOW HITPOINT WARNING * * *
Unknown command.
The gnoll hits you but does no damage.
You draw a card...
You have drawn Velocity.
Nothing appears to happen.
The gnoll closely misses you. The gnoll completely misses you.
The gnoll hits you from afar with a +0 halberd!
You die...
Your body disappears without a glow.

.............#######..#
######......#####.....#
# #............##.## #
#....#.####..<#.# #
#....#g.g.#...#.# #
##......#.#...#.# #
#####.##g#...#.#
##g##g#...#.#
#..##.#@###.###
#.###.#g....... ##g#
#.gg....##. ##g.#
######### ##..## #..##
#.## #'# ...


You could see 3 gnolls.

Vanquished Creatures
  An orc priest (D:3)
  3 dart slugs (D:2)
  3 orcs (D:3)
  3 ball pythons (D:1)
  4 endoplasms
  2 giant cockroaches
  3 goblins
  A hobgoblin (D:2)
  4 kobolds
  2 quokkas (D:1)
  A bat (D:1)
  3 frilled lizards
  3 rats
33 creatures vanquished.

Notes
Turn   | Place    | Note
-------+----------+-------------------------------------------
     0 | D:1      | BeingJoeMalik the Vine Stalker Gladiator began the quest
                  | for the Orb.
     0 | D:1      | Reached XP level 1. HP: 11/11 MP: 2/2
    98 | D:1      | Reached skill level 3 in Long Blades
   141 | D:1      | Reached XP level 2. HP: 15/15 MP: 3/3
   176 | D:1      | Noticed a shining eye
   178 | D:1      | Found a faded altar of an unknown god.
   186 | D:1      | Noticed an eye of devastation
   186 | D:1      | Noticed a shining eye
   186 | D:1      | Noticed a shining eye
   191 | D:1      | Prayed at the altar of an unknown god.
   191 | D:1      | Became a worshipper of Nemelex Xobeh the Trickster
   191 | D:1      | Reached * piety under Nemelex Xobeh
   191 | D:1      | Received a gift from Nemelex Xobeh
   803 | D:2      | Reached ** piety under Nemelex Xobeh
   803 | D:2      | Found Luhepn's Armour Boutique.
   827 | D:2      | Reached XP level 3. HP: 18/18 MP: 4/4
  1024 | D:2      | Found an ornate altar of the Wu Jian Council.
  1061 | D:2      | Received a gift from Nemelex Xobeh
  1396 | D:3      | Found a shadowy altar of Dithmenos.
  1456 | D:3      | Reached skill level 4 in Long Blades
  1734 | D:3      | Reached XP level 4. HP: 10/23 MP: 1/5
  2023 | D:3      | Slain by a gnoll

Illustrated notes

Levels and vault maps discovered:
D:1:      lemuel_arrival_behind_the_door_large, layout_basic,
          hellmonk_ecumenical_altar_watching_god
D:2:      layout_basic, serial_shops, nicolae_shop_crystal, basic_altar
D:3:      layout_basic, grunt_dithmenos_smoke

Skill      XL: |  1  2  3 |
---------------+----------+-----
Long Blades    | 3 4 |  4.5
Fighting       | |  1.7
Throwing       | |  1.7
Dodging        | |  2.4

Action                     |  1- 3 |  4- 6 || total
---------------------------+-------+-------++-------
  Melee: Long sword        |    80 |     9 ||    89
         Bite              |    18 |     3 ||    21
 Invoke: Draw Destruction  |     2 |     1 ||     3
         Draw Escape       |       |     1 ||     1
    Use: Scroll            |     2 |       ||     2
         Potion            |     1 |       ||     1
   Stab: Sleeping          |     1 |       ||     1
 Armour: Leather armour    |    34 |    11 ||    45
  Dodge: Dodged            |    38 |     8 ||    46
